 Dungeon Crawl Stone Soup version 0.21.0-34-g9234887 (webtiles) character file.

907 komo4ek the Destroyer (level 7, -1/36 HPs)
             Began as a Deep Elf Wizard on Jan 29, 2018.
             Slain by a gnoll
             ... wielding a +0 halberd
              (9 damage)
             ... on level 5 of the Dungeon.
             The game lasted 00:14:41 (6174 turns).

komo4ek the Destroyer (Deep Elf Wizard)             Turns: 6174, Time: 00:14:42

Health: -1/36      AC:  5    Str:  4    XL:     7   Next: 81%
Magic:  7/17       EV: 11    Int: 29    God:
Gold:   237        SH:  0    Dex: 13    Spells: 8/17 levels left

rFire    . . .     SeeInvis .   h - +2 dagger (venom)
rCold    . . .     Gourm    .   (no shield)
rNeg     . . .     Faith    .   l - +0 leather armour (curse)
rPois    .         Spirit   .   o - +2 hat
rElec    .         Reflect  .   (no cloak)
rCorr    .         Harm     .   (no gloves)
MR       .....                  (no boots)
Stlth    ++........             (no amulet)
HPRegen  0.12/turn              p - +4 ring of intelligence
MPRegen  0.15/turn              (no ring)

@: no status effects
A: no striking features
a: no special abilities


You were on level 5 of the Dungeon.
You were not hungry.

You visited 1 branch of the dungeon, and saw 5 of its levels.

You collected 237 gold pieces.

Inventory:

Hand Weapons
 h - a +2 dagger of venom (weapon)
Armour
 a - a +0 robe
 l - a cursed +0 leather armour (worn)
 o - a +2 hat (worn)
Jewellery
 p - a +4 ring of intelligence (left hand)
Wands
 s - a wand of iceblast (7)
Scrolls
 b - a scroll of enchant armour {unknown}
 e - 2 scrolls of teleportation {unknown}
 g - 7 scrolls of identify {unknown}
 i - 3 scrolls of remove curse {unknown}
 u - a scroll of magic mapping {unknown}
Potions
 f - 2 potions of haste {unknown}
 j - a potion of heal wounds {unknown}
 k - a potion of berserk rage {unknown}
 m - a potion of magic {unknown}
 n - a potion of curing {unknown}
 q - a potion of agility {unknown}
 r - a potion of lignification {unknown}
 t - a potion of brilliance {unknown}
Books
 c - a book of Minor Magic

   Spells                             Type                      Level
   a - Magic Dart                     Conjuration                  1
   b - Blink                          Translocation                2
   c - Call Imp                       Summoning                    2
   d - Slow                           Hexes                        2
   e - Conjure Flame                  Conjuration/Fire             3
   f - Mephitic Cloud                 Conjuration/Poison/Air       3
 v - a Young Poisoner's Handbook

   Spells                             Type                      Level
   a - Sting                          Conjuration/Poison           1
   b - Poisonous Vapours              Poison/Air                   2
   c - Mephitic Cloud                 Conjuration/Poison/Air       3
   d - Olgreb's Toxic Radiance        Poison                       4
   e - Venom Bolt                     Conjuration/Poison           5
Comestibles
 d - 6 rations


   Skills:
 - Level 2.4 Dodging
 - Level 2.4 Stealth
 + Level 5.8 Spellcasting
 - Level 8.1 Conjurations
   Level 1.1 Summonings
 + Level 3.3 Translocations
 + Level 2.8 Poison Magic


You had 8 spell levels left.
You knew the following spells:

 Your Spells              Type           Power        Failure   Level  Hunger
a - Magic Dart            Conj           ####         1%          1    None
b - Blink                 Tloc           N/A          4%          2    None
c - Conjure Flame         Conj/Fire      ####....     6%          3    None
d - Mephitic Cloud        Conj/Pois/Air  ####....     7%          3    None


Dungeon Overview and Level Annotations

Branches:
Dungeon (5/15)
 Temple: D:4-7

Altars:
Dithmenos
Elyvilon
Hepliaklqana
Kikubaaqudgha
Makhleb
Okawaru
Trog
Wu Jian
The Shining One

Annotations:
D:4 Sigmund
D:5 exclusion: centaur


Message History

Confirm with . or Enter, or press ? or * to list all spells.
Aiming: Conjure Flame
Press: ? - help, Dir - move target cursor The fire ignites!
Items here: ))) ÷÷ a spear x2; a halberd; a gnoll skeleton x2
You start resting.
The gnoll hits you from afar with a halberd!
* * * LOW HITPOINT WARNING * * *
Casting: Conjure Flame
Confirm with . or Enter, or press ? or * to list all spells.
You don't know that spell.
Unknown command.
Casting: Conjure Flame
Confirm with . or Enter, or press ? or * to list all spells.
Aiming: Conjure Flame
Press: ? - help, Dir - move target cursor The fire ignites!
The gnoll hits you from afar with a halberd!
You die...

#_## #........#
########........#
#....#..........#
#.####..........# #.#
#..........# # #.#
#..........### #####.#
########.###.# ......#
####.....# ###g.##
###.§@.....# #....#
###..g#####..# #.#..#
#.......###.##
g_...#####..⌠..P..##.#
#.##.....[....P≈..#..#
#.#######......≈..#.##
..# #....#..P....# ..#
#...##'...#.## ###
#..##_##..#.#


You could see a gnoll.

Vanquished Creatures
  The ghost of Paps the Sneak, an amateur OpEn (D:3)
  An ice beast (D:5)
  An ogre (D:4)
  2 crimson imps (D:5)
  2 hounds
  An orc priest (D:3)
  A gnoll shaman (D:5)
  2 orc wizards (D:4)
  3 iguanas (D:4)
  A worker ant (D:5)
  A hound zombie (D:5)
  A howler monkey zombie (D:4)
  8 gnolls
  10 adders
  3 oozes
  A worm (D:3)
  2 dart slugs
  2 leopard geckos
  10 orcs
  4 giant cockroaches
  6 hobgoblins
  2 jackals (D:1)
  7 kobolds
  3 quokkas
  A ball python (D:4)
  6 bats
  6 frilled lizards
  2 goblins (D:1)
  A jackal skeleton (D:5)
  7 rats
98 creatures vanquished.

Notes
Turn   | Place    | Note
-------+----------+-------------------------------------------
     0 | D:1      | komo4ek the Deep Elf Wizard began the quest for the Orb.
     0 | D:1      | Reached XP level 1. HP: 10/10 MP: 7/7
   278 | D:1      | Reached skill level 2 in Conjurations
   393 | D:1      | Reached XP level 2. HP: 15/15 MP: 7/9
   885 | D:2      | Reached skill level 3 in Conjurations
  1020 | D:2      | Reached XP level 3. HP: 19/19 MP: 6/10
  1103 | D:2      | Found a bloodstained altar of Trog.
  1288 | D:2      | Reached skill level 4 in Conjurations
  1411 | D:2      | Learned a level 2 spell: Blink
  1415 | D:2      | Learned a level 3 spell: Conjure Flame
  1419 | D:2      | Learned a level 3 spell: Mephitic Cloud
  1638 | D:2      | Reached XP level 4. HP: 24/24 MP: 7/12
  1675 | D:2      | Found a white marble altar of Elyvilon.
  1714 | D:2      | Found an iron altar of Okawaru.
  2239 | D:3      | Found a burning altar of Makhleb.
  2333 | D:3      | Reached skill level 5 in Conjurations
  2366 | D:3      | Reached XP level 5. HP: 21/28 MP: 1/13
  2604 | D:3      | Noticed Paps's ghost (amateur OpEn)
  2611 | D:3      | Killed Paps's ghost
  2611 | D:3      | Reached skill level 6 in Conjurations
  2612 | D:3      | Reached XP level 6. HP: 32/32 MP: 4/14
  3203 | D:4      | Reached skill level 7 in Conjurations
  3674 | D:4      | Found a shadowy altar of Dithmenos.
  3702 | D:4      | Reached skill level 8 in Conjurations
  3752 | D:4      | Noticed Sigmund
  4130 | D:4      | Found an ancient bone altar of Kikubaaqudgha.
  4304 | D:4      | Reached XP level 7. HP: 31/36 MP: 3/15
  5054 | D:5      | Entered Level 5 of the Dungeon
  5070 | D:5      | Reached skill level 1 in Poison Magic
  5102 | D:5      | Found an ornate altar of the Wu Jian Council.
  5229 | D:5      | Reached skill level 5 in Spellcasting
  5636 | D:5      | Found a glowing golden altar of the Shining One.
  5715 | D:5      | Found a hazy altar of Hepliaklqana.
  5719 | D:5      | Found a shadowy altar of Dithmenos.
  6174 | D:5      | Slain by a gnoll

Skill      XL: |  1  2  3  4  5  6  7 |
---------------+----------------------+-----
Conjurations   | 2 3 4 5 6 8 |  8.1
Poison Magic   | 2 |  2.8
Translocations | 3 |  3.3
Spellcasting   | 5 |  5.8
Dodging        | |  2.4
Stealth        | |  2.4
Summonings     | |  1.1

Action                   |  1- 3 |  4- 6 |  7- 9 || total
-------------------------+-------+-------+-------++-------
Melee: Dagger            |       |    11 |    10 ||    21
 Cast: Magic Dart        |    71 |   147 |   120 ||   338
       Conjure Flame     |       |     3 |     6 ||     9
       Mephitic Cloud    |       |     1 |       ||     1
  Eat: Chunk             |     2 |     6 |     4 ||    12
       Ration            |       |     1 |       ||     1
Armor: Robe              |     1 |       |       ||     1
       Leather armour    |       |     5 |    12 ||    17
Dodge: Dodged            |     3 |    15 |    29 ||    47
